 Dungeon Crawl Stone Soup version 0.17-b1-33-gd9cf236 (webtiles) character file.

31 Gargoyl the Skirmisher (level 3, -11/29 HPs)
             Began as a Demonspawn Abyssal Knight on Nov 6, 2015.
             Was a Follower of Lugonu.
             Mangled by a kobold
             ... wielding a +0 short sword of distortion
              (18 damage)
             ... on level 2 of the Dungeon.
             The game lasted 00:01:52 (966 turns).

Gargoyl the Skirmisher (Demonspawn Abyssal Knight)   Turns: 966, Time: 00:01:52

Health: -11/29     AC:  8    Str: 13    XL:     3   Next: 7%
Magic:  0/5        EV:  6    Int: 17    God:    Lugonu [*.....]
Gold:   101        SH:  0    Dex: 12    Spells: 0 memorised, 2 levels left

rFire  . . .     SeeInvis .     a - +1 hand axe
rCold  . . .     Clarity  .     f - +0 chain mail
rNeg   . . .     SustAt   .     (no shield)
rPois  .         Gourm    .     (no helmet)
rElec  .         Spirit   +     (no cloak)
rCorr  .         Warding  .     (no gloves)
rMut   .         Stasis   .     (no boots)
MR     .....                    (no amulet)
Stlth  ..........               (no ring)
                                e - +4 ring of intelligence

@: not resistant to hostile enchantments, extremely unstealthy
A: powered by death 1, magic shield
a: Depart the Abyss, Renounce Religion


You were on level 2 of the Dungeon.
You worshipped Lugonu.
Lugonu was aware of your devotion.
You were not hungry.

You visited 1 branch of the dungeon, and saw 2 of its levels.
You visited the Abyss 1 time.

You collected 101 gold pieces.

Inventory:

Hand Weapons
 a - a +1 hand axe (weapon)
 b - a +0 mace
Armour
 f - a +0 chain mail (worn)
Jewellery
 e - a +4 ring of intelligence (left hand)
Scrolls
 d - a scroll of identify {unknown}
 g - a scroll of immolation {unknown}
 j - 2 scrolls of fear {unknown}
Potions
 h - a potion of lignification {unknown}
 k - a potion of brilliance {unknown}
 l - a potion of flight {unknown}
Comestibles
 c - 3 bread rations
 i - a meat ration


   Skills:
 + Level 3.6 Fighting
 + Level 2.1 Axes
 + Level 2.0 Armour
 + Level 1.1 Dodging
 + Level 2.7 Invocations


You had 2 spell levels left.
You didn't know any spells.

Dungeon Overview and Level Annotations

Branches:
Dungeon (2/15)

Altars:


Innate Abilities, Weirdness & Mutations

You regenerate a little health from kills.
When hurt, damage is shared between your health and your magic reserves.


Message History

The stone hits you but does no damage. The bat barely misses you.
You see here a stone.
Unknown command.
You slash the bat!
You kill the bat!
Lugonu accepts your kill.
The kobold throws a stone.
The stone hits you but does no damage.
The kobold throws a stone.
The stone hits you but does no damage.
You see here a stone.
The kobold moves out of view.
The kobold hits you but does no damage. Space warps horribly around you!
Ouch! That really hurt!
You completely miss the kobold.
The kobold hits you with a short sword of distortion.
Space warps horribly around you!
* * * LOW HITPOINT WARNING * * *
You barely miss the kobold. The kobold hits you but does no damage.
Space warps horribly around you!
Ouch! That really hurt!
You die...

####### #
#####.....###
#............
#####........####
#......#####.# #
####.#........(.# #
###.....()#...#...# #
#.......(.#.......# #
#....@#.#.#.#.#...# #
#...#K....#...........
#.....#...#..#..#.####
.................#.#
#.....#####...#####.#
#..... .....# .#
#...#. ...### .. ...#
.#


You could see a kobold.

Vanquished Creatures
  2 oozes
  A giant gecko (D:1)
  A giant cockroach (D:1)
  4 hobgoblins
  A ball python (D:1)
  4 bats
  2 goblins (D:1)
  2 jackals (D:1)
  4 kobolds
  A rat (D:1)
22 creatures vanquished.

Notes
Turn   | Place    | Note
--------------------------------------------------------------
     0 | Abyss:1  | Gargoyl the Demonspawn Abyssal Knight began the quest for the Orb.
     0 | Abyss:1  | Reached XP level 1. HP: 18/18 MP: 2/2
    35 | Abyss:1  | Noticed a small abomination
    67 | Abyss:2  | Found an iron altar of Okawaru.
    91 | Abyss:2  | Noticed a storm dragon simulacrum
    91 | D:1      | Escaped the Abyss
   224 | D:1      | Reached * piety under Lugonu
   225 | D:1      | Noticed a troll
   225 | D:1      | Reached skill level 1 in Dodging
   310 | D:1      | Gained mutation: You regenerate a little health from kills. [demonic ancestry]
   310 | D:1      | Reached XP level 2. HP: 17/24 MP: 4/4
   894 | D:2      | Gained mutation: When hurt, damage is shared between your health and your magic reserves. [demonic ancestry]
   894 | D:2      | Reached XP level 3. HP: 29/29 MP: 5/5
   966 | D:2      | Mangled by a kobold

Action                   || total
-------------------------++-------
Melee: Hand axe          ||    71
Invok: Depart the Abyss  ||     1
